[Event "Late-Titled-Tuesday-Blitz-April-23-2024"]
[Site "Chess.com"]
[Date "2024.04.23"]
[Round "2"]
[White "A4RookA3"]
[Black "dolynachess"]
[Result "0-1"]
[WhiteElo "2365"]
[BlackElo "2552"]
[TimeControl "180+1"]
[EndTime "14:17:36 PDT"]
[Termination "dolynachess won by resignation"]

1. d4 Nf6 2. Bf4 c5 3. e3 d5 4. Nf3 Nc6 5. Nbd2 g6 6. dxc5 Bg7 7. c3 O-O 8. Be2 a5 9. O-O Nd7 10. e4 Nxc5 11. exd5 Qxd5 12. Bc4 Qh5 13. Re1 Rd8 14. Qe2 Bf5 15. Ne5 Nxe5 16. Qxh5 gxh5 17. Bxe5 Rxd2 18.
Bxg7 Kxg7 19. Re5 Bg6 20. Rxc5 Rad8 21. Re1 Rd1 22. Rc7 0-1

[Event "Late-Titled-Tuesday-Blitz-April-23-2024"]
[Site "Chess.com"]
[Date "2024.04.23"]
[Round "2"]
[White "Narek_Ghimoyan"]
[Black "DeTimmerman"]
[Result "0-1"]
[WhiteElo "2430"]
[BlackElo "2747"]
[TimeControl "180+1"]
[EndTime "14:17:39 PDT"]
[Termination "DeTimmerman won by resignation"]

1. d4 Nf6 2. c4 e6 3. Nf3 d5 4. Nc3 dxc4 5. e3 a6 6. Bxc4 b5 7. Bd3 Bb7 8. O-O Nbd7 9. Qe2 c5 10. dxc5 Nxc5 11. Bc2 Rc8 12. Rd1 Qc7 13. Bd2 Be7 14.
Rac1 O-O 15. b4 Ncd7 16. a3 Qb8 17. Bb3 Nb6 18. Nb1 Bd5 19. Bxd5 Nfxd5 20. Rxc8 Rxc8 21. e4 Nf6 22. Bc3 Nc4 23. h3 h6 24. g3 Qa8 25.
Bxf6 Bxf6 26. Kg2 Qc6 27. Rd3 Nb6 28. Nbd2 Qc2 29. Qe3 Nc4 30. Nxc4 bxc4 31. Rd7 c3 32. e5 Bg5 33. Nxg5 hxg5 34. Qxg5 Qe4+ 35. Kh2 c2 36. Rd8+ Rxd8 37. Qxd8+ Kh7 38. Qg5 Qd3 39. Qh4+ Kg8 40. Qg5 Qd1 0-1

[Event "Late-Titled-Tuesday-Blitz-April-23-2024"]
[Site "Chess.com"]
[Date "2024.04.23"]
[Round "2"]
[White "gmcorrales"]
[Black "Nemsko"]
[Result "0-1"]
[WhiteElo "2851"]
[BlackElo "2449"]
[TimeControl "180+1"]
[EndTime "14:17:40 PDT"]
[Termination "Nemsko won on time"]

1. e4 e5 2. Nf3 Nc6 3. d4 exd4 4. Nxd4 Nf6 5. Nxc6 bxc6 6. e5 Qe7 7. Qe2 Nd5 8.
h4 g6 9. c4 Ba6 10. b3 Bg7 11.
Bb2 Nb6 12. Nd2 h5 13. O-O-O O-O 14. f4 d5 15. exd6 Bxb2+ 16. Kxb2 Qxd6 17. Qe5 Rfe8 18. Qxd6 cxd6 19. Rh3 d5 20. Kc3 Rad8 21. Bd3 d4+ 22.
Kc2 Nd7 23. Ne4 f5 24. Nd2 c5 25. Rg3 Kf7 26. Nf3 Bb7 27. Ng5+ Kf6 28. Rd2 Re1 29.
Re2 Re8 30. Rxe8 Rxe8 31. Rh3 Bxg2 32. Rh2 Bb7 33. Rf2 Re3 34. Rd2 Nf8 35. b4 cxb4 36. Kb2 Ne6 37. Nxe6 Kxe6 38. Bc2 Be4 39. Bb3 d3 40. a3 a5 41. axb4 axb4 42. Bd1 Kd6 43. Kb3 Kc5 44. Ka4 Kxc4 45. Bb3+ Kc3 46. Rd1 d2 47. Bf7 Re1 48. Rxd2 Kxd2 0-1

[Event "Late-Titled-Tuesday-Blitz-April-23-2024"]
[Site "Chess.com"]
[Date "2024.04.23"]
[Round "2"]
[White "titomagno_64"]
[Black "Ghost_Pepper"]
[Result "1-0"]
[WhiteElo "2303"]
[BlackElo "2501"]
[TimeControl "180+1"]
[EndTime "14:17:40 PDT"]
[Termination "titomagno_64 won by resignation"]

1. d4 Nf6 2. c4 g6 3. Nc3 d5 4. cxd5 Nxd5 5. e4 Nxc3 6. bxc3 Bg7 7. Nf3 c5 8. Rb1 O-O 9. Be2 Nc6 10. d5 Bxc3+ 11. Bd2 Bxd2+ 12. Qxd2 Nd4 13. Nxd4 cxd4 14. Qxd4 Qa5+ 15. Qd2 Qxd2+ 16. Kxd2 Rd8 17. Rhc1 Kf8 18. Ke3 b6 19. Rc7 Rd7 20. Rbc1 Rxc7 21. Rxc7 Ke8 22. Bb5+ Kd8 23. d6 exd6 24. Rxf7 h5 25. Bc6 Rb8 26. Rxa7 Be6 27. a4 Rc8 28. Bb5 Rc3+ 29. Kd4 Rc2 30. Ke3 Rc3+ 31. Kd2 Ra3 32. Rb7 Ra2+ 33. Ke3 Ra3+ 34. Kd4 Bb3 35. Rxb6 Ke7 36. Ra6 Bc2 37. Rc6 Ra2 38. Ra6 Ra3 39. f4 Rb3 40. Ra7+ Kd8 41. Rd7+ Kc8 42. Rxd6 Kc7 43. Rc6+ 1-0

[Event "Late-Titled-Tuesday-Blitz-April-23-2024"]
[Site "Chess.com"]
[Date "2024.04.23"]
[Round "2"]
[White "Sandstad"]
[Black "carloseduar100"]
[Result "1-0"]
[WhiteElo "2489"]
[BlackElo "2192"]
[TimeControl "180+1"]
[EndTime "14:17:40 PDT"]
[Termination "Sandstad won on time"]

1. d4 d5 2. Nf3 e6 3. e3 Nf6 4. Bd3 Bd6 5. b3 a6 6. Bb2 Nbd7 7. Nbd2 O-O 8. O-O Re8 9. Ne5 c5 10. f4 cxd4 11. exd4 Nf8 12. Ndf3 b5 13. Ng5 Ra7 14. Nc6 Qc7 15. Nxa7 Qxa7 16. Qf3 h6 17. Nh3 Bb7 18. g4 Ne4 19. Rad1 Qb8 20. Kh1 Ng6 21. f5 exf5 22. gxf5 Nf8 23. Qg2 Nh7 24. Bc1 Nhf6 25. Bxh6 Nh5 26.
Rg1 Kh7 27. Bxg7 Rg8 28. f6 1-0

[Event "Late-Titled-Tuesday-Blitz-April-23-2024"]
[Site "Chess.com"]
[Date "2024.04.23"]
[Round "2"]
[White "dosto07"]
[Black "LUISMIGUELOV"]
[Result "1-0"]
[WhiteElo "2492"]
[BlackElo "2201"]
[TimeControl "180+1"]
[EndTime "14:17:42 PDT"]
[Termination "dosto07 won by resignation"]

1. e4 c6 2. d4 d5 3. exd5 cxd5 4. Bd3 Nc6 5. c3 Qc7 6. h3 Nf6 7. Nf3 e6 8. O-O a6 9. Bg5 Be7 10. Nbd2 O-O 11. Qe2 b5 12. Ne5 Nxe5 13. dxe5 Ne8 14. Nf3 Bxg5 15. Bxh7+ Kxh7 16. Nxg5+ Kg6 17. Qg4 f5 18. exf6 Nxf6 19. Qh4 Rh8 20. Qxh8 Kxg5 21. Rae1 Bb7 22. f4+ Kg6 23. Qh4 Qb6+ 24. Kh2 Rf8 25. Re5 Kf7 26. f5 exf5 27. Rfxf5 Qd6 28. Kh1 d4 29. cxd4 Qc6 30. d5 Qc1+ 31. Kh2 Qxb2 32. Rxf6+ 1-0

[Event "Late-Titled-Tuesday-Blitz-April-23-2024"]
[Site "Chess.com"]
[Date "2024.04.23"]
[Round "2"]
[White "kripri"]
[Black "WindWhistler11"]
[Result "0-1"]
[WhiteElo "2340"]
[BlackElo "2535"]
[TimeControl "180+1"]
[EndTime "14:17:43 PDT"]
[Termination "WindWhistler11 won by resignation"]

1. e4 e6 2. Nf3 d5 3. Nc3 Nf6 4.
exd5 exd5 5. d4 Be7 6. Bd3 O-O 7. O-O Bg4 8. h3 Bh5 9. Bf4 c6 10. Re1 Nbd7 11. g4 Bg6 12. Ne5 Re8 13. Qf3 Nxe5 14.
dxe5 Nd7 15. Bxg6 hxg6 16. e6 fxe6 17. Rxe6 Nf8 18. Re2 Bf6 19. Rae1 Rxe2 20. Rxe2 Qb6 21. g5 Bd4 22. Re7 Qc5 23. Rxb7 Ne6 24. Bd2 Rf8 25.
Qg4 Bxf2+ 26. Kg2 Nd4 27. Qd7 Nf5 28. Qe6+ Kh7 29. Rf7 Rxf7 30. Qxf7 Bg1 31. Be1 Qe3 32.
Kf1 Bh2 33. h4 Qf3+ 34. Bf2 Ng3+ 35. Ke1 Qxf7 0-1

[Event "Late-Titled-Tuesday-Blitz-April-23-2024"]
[Site "Chess.com"]
[Date "2024.04.23"]
[Round "2"]
[White "contrerasfiorella"]
[Black "JM05C"]
[Result "0-1"]
[WhiteElo "2201"]
[BlackElo "2490"]
[TimeControl "180+1"]
[EndTime "14:17:44 PDT"]
[Termination "JM05C won on time"]

1. e4 c5 2. Nc3 d6 3. g3 g6 4. Bg2 Bg7 5. d3 Nc6 6. Nge2 Rb8 7. O-O b5 8. f4 b4 9. Nd5 e6 10. Ne3 Nge7 11. a3 a5 12. axb4 axb4 13. f5 Be5 14. f6 Ng8 15. Ng4 h5 16. Nxe5 Nxe5 17. d4 cxd4 18. Qxd4 h4 19. Bf4 Rh5 20. g4 Nxg4 21. Bxd6 Rb6 22. e5 N4xf6 23. Bc5 Nd7 24. Bxb6 Qxb6 25. Ra8 Ne7 26. Qxb6 Nxb6 27. Rb8 Rxe5 28.
Nf4 Nc4 29. b3 Nd6 30. Rd1 Kd7 31. Ra8 Kc7 32. Nd3 Rg5 33. Nxb4 h3 34. Rd2 hxg2 0-1

[Event "Late-Titled-Tuesday-Blitz-April-23-2024"]
[Site "Chess.com"]
[Date "2024.04.23"]
[Round "2"]
[White "NowInChess"]
[Black "MeisterJabo"]
[Result "0-1"]
[WhiteElo "2250"]
[BlackElo "2506"]
[TimeControl "180+1"]
[EndTime "14:17:45 PDT"]
[Termination "MeisterJabo won on time"]

1. e4 e5 2. Nf3 Nf6 3. Nc3 Nc6 4. d4 exd4 5. Nxd4 Bb4 6. Nxc6 bxc6 7. Bd3 d5 8. exd5 O-O 9. O-O Bg4 10. Be2 Bxe2 11.
Nxe2 cxd5 12. c3 Bd6 13. Be3 c6 14. h3 Qc7 15. Qc1 Rfe8 16. Re1 Re4 17. Nd4 Rae8 18. Qd2 g6 19. Bg5 Rxe1+ 20. Rxe1 Ne4 21. Qc1 Rb8 22. Bh6 Bh2+ 23. Kf1 Qa5 24. Bf4 Qa6+ 25. Ne2 Bxf4 26. Qxf4 Rxb2 27. f3 Nxc3 28. Qe3 Rxe2 29. Qxc3 Re3+ 0-1

[Event "Late-Titled-Tuesday-Blitz-April-23-2024"]
[Site "Chess.com"]
[Date "2024.04.23"]
[Round "2"]
[White "gorgeous1083"]
[Black "emeli_chess"]
[Result "0-1"]
[WhiteElo "2083"]
[BlackElo "2453"]
[TimeControl "180+1"]
[EndTime "14:17:45 PDT"]
[Termination "emeli_chess won by resignation"]

1. d4 Nf6 2. c4 e6 3. Nf3 d5 4. Nc3 Bb4 5. cxd5 exd5 6. Bg5 h6 7. Bh4 c5 8. e3 g5 9. Bg3 Qa5 10. Qc2 Ne4 11. Rc1 Qxa2 12. Bb5+ Bd7 13. O-O Bxc3 14. Bxd7+ Nxd7 15. bxc3 Qxc2 16. Rxc2 c4 17. Rb1 b6 18. Rb5 Nxg3 19. hxg3 Nf6 20. Ne5 Ke7 21. f3 Ke6 22. e4 dxe4 23. Nxc4 Rhc8 24. Re5+ Kd7 25. Ne3 Re8 26. Rf5 exf3 27. Rxf6 Rxe3 28. Rxf7+ Re7 29. Rxe7+ Kxe7 30. gxf3 a5 31. Kf2 a4 32. Ra2 b5 33. Ke3 Kd6 34. Kd3 Kd5 35. Ra3 Ra7 36. Ra2 a3 37. Kc2 Kc4 38. Kd2 Kb3 39. Ra1 a2 40. Kc1 Kxc3 41. d5 b4 42. d6 b3 0-1

[Event "Late-Titled-Tuesday-Blitz-April-23-2024"]
[Site "Chess.com"]
[Date "2024.04.23"]
[Round "2"]
[White "semchik90"]
[Black "Babbelbox"]
[Result "0-1"]
[WhiteElo "2386"]
[BlackElo "2735"]
[TimeControl "180+1"]
[EndTime "14:17:47 PDT"]
[Termination "Babbelbox won by checkmate"]

1. Nf3 c5 2. c4 Nc6 3. e3 e5 4.
d4 e4 5. Nfd2 f5 6. d5 Ne5 7.
Nc3 Nf6 8. f3 exf3 9. Nxf3 Bd6 10. Nb5 Qe7 11. Nxd6+ Qxd6 12. Nxe5 Qxe5 13. Bd3 d6 14.
O-O Bd7 15. Qc2 Ng4 16. g3 O-O 17. Re1 Rf6 18. Bd2 Nxh2 19. Kxh2 Rh6+ 20. Kg2 Rg6 21. Bc3 Qxg3+ 22. Kf1 Qh3+ 23. Ke2 Rg2+ 24. Kd1 Rxc2 25. Kxc2 Re8 26. Rg1 g6 27. Bd2 a6 28.
Raf1 b5 29. b3 bxc4 30. bxc4 Ba4+ 31. Kc3 Qh2 32. Bxf5 Qe5+ 33. Kd3 Qb2 34. Be6+ Rxe6 35. dxe6 Qc2+ 36. Ke2 Qxc4+ 37. Ke1 Qxe6 38. Rf4 Qxa2 39.
Rgf1 Qb3 40. Rf8+ Kg7 41. R8f7+ Qxf7 42. Rxf7+ Kxf7 43. Ba5 Ke6 44. Kf2 Bc6 45. Bb6 Be4 46.
Kg3 c4 47. Kf4 c3 48. Ba5 c2 49. Bd2 d5 50. Kg5 h5 51. Kf4 Kd6 52. Bc1 Kc5 53.
Ba3+ Kc4 54. Ke5 Kd3 55. Kf4 Kd2 56. Ke5 c1=Q 57. Bxc1+ Kxc1 58. Kf6 Kd2 59. Kg5 Kxe3 60. Kh4 a5 61. Kg3 a4 62. Kh4 a3 63. Kg5 a2 64.
Kh6 a1=Q 65. Kh7 Qf6 66. Kg8 d4 67. Kh7 d3 68. Kg8 d2 69. Kh7 d1=Q 70. Kg8 Qdd8+ 71. Kh7 Qdh8# 0-1

[Event "Late-Titled-Tuesday-Blitz-April-23-2024"]
[Site "Chess.com"]
[Date "2024.04.23"]
[Round "2"]
[White "egnfanclub"]
[Black "jlf287"]
[Result "0-1"]
[WhiteElo "2355"]
[BlackElo "2544"]
[TimeControl "180+1"]
[EndTime "14:17:47 PDT"]
[Termination "jlf287 won by resignation"]

1. e4 e5 2. Nf3 Nc6 3. Nc3 Nf6 4.
a3 a6 5. d4 exd4 6. Nxd4 Bc5 7.
Nxc6 bxc6 8. Bd3 d6 9. Bg5 h6 10. Bh4 O-O 11. Qf3 Re8 12. O-O Bd4 13. Nd1 g5 14. c3 Bg4 15. Qg3 gxh4 16. Qxh4 Bb6 17. Qxh6 Re5 18. Ne3 Rh5 19. Qf4 Be6 20. Nf5 Nh7 21. g4 Rg5 22. h4 Rg6 23. e5 dxe5 24.
Qe4 Nf6 25. Qxe5 Rxg4+ 26. Kh1 Qxd3 27. Nh6+ Kg7 28. Nxg4 Bxg4 29. Qg5+ Qg6 30. Rg1 Qxg5 31. hxg5 Bf3+ 32. Kh2 Ne4 0-1

[Event "Late-Titled-Tuesday-Blitz-April-23-2024"]
[Site "Chess.com"]
[Date "2024.04.23"]
[Round "2"]
[White "th3d4rkness"]
[Black "mortngabriel"]
[Result "1-0"]
[WhiteElo "2143"]
[BlackElo "2440"]
[TimeControl "180+1"]
[EndTime "14:17:47 PDT"]
[Termination "th3d4rkness won on time"]

1. e4 c5 2. Nf3 a6 3. c3 d5 4. exd5 Qxd5 5. d4 e6 6. Be2 Nf6 7. O-O Nbd7 8. h3 Be7 9. Be3 O-O 10.
c4 Qc6 11. Nc3 cxd4 12. Nxd4 Qc7 13. Rc1 Rd8 14. Qc2 Ne5 15. b3 b6 16. f4 Ng6 17.
f5 exf5 18. Bf3 f4 19. Bxa8 fxe3 20. Nc6 Bc5 21. Nxd8 e2+ 22. Kh1 exf1=Q+ 23. Rxf1 Qxd8 24. Rd1 Qe8 25. Ne4 Nxe4 26. Qxe4 Be6 27. Bd5 a5 28. Bxe6 fxe6 29. Re1 h5 30. Qxe6+ Qxe6 31. Rxe6 Kf7 32. Rc6 h4 33. Rc7+ 1-0

[Event "Late-Titled-Tuesday-Blitz-April-23-2024"]
[Site "Chess.com"]
[Date "2024.04.23"]
[Round "2"]
[White "sassassasss"]
[Black "shirovin"]
[Result "1-0"]
[WhiteElo "2452"]
[BlackElo "2074"]
[TimeControl "180+1"]
[EndTime "14:17:47 PDT"]
[Termination "sassassasss won on time"]

1. e4 Nf6 2. Nc3 d6 3. d4 e5 4. Nf3 Nbd7 5. g4 Nxg4 6. Rg1 Ngf6 7.
Be3 g6 8. Qd2 Bg7 9. Bh6 O-O 10.
Bxg7 Kxg7 11. O-O-O c6 12. dxe5 dxe5 13. Nxe5 Qe7 14. Ng4 Nxg4 15. Rxg4 Ne5 16. Rg1 Bg4 17. Be2 Bxe2 18. Qxe2 Rad8 19. f4 Nd7 20. Qe3 Nb6 21.
f5 Qe5 22. Rdf1 Kh8 23. h4 Nc4 24. Qh6 Qg7 25. Qg5 h6 26. Qg3 Kh7 27. f6 Qg8 28. h5 Rfe8 29. hxg6+ Qxg6 30. Qf4 Qh5 31. b3 Ne5 32. Rg7+ Kh8 33. Kb2 b5 34. Rf2 Ng6 35.
Qc7 1-0

[Event "Late-Titled-Tuesday-Blitz-April-23-2024"]
[Site "Chess.com"]
[Date "2024.04.23"]
[Round "2"]
[White "jinxy2009"]
[Black "KNVB"]
[Result "0-1"]
[WhiteElo "2309"]
[BlackElo "2715"]
[TimeControl "180+1"]
[EndTime "14:17:48 PDT"]
[Termination "KNVB won by resignation"]

1. e4 c5 2. Nf3 e6 3. d4 cxd4 4.
Nxd4 Nc6 5. Nc3 Qc7 6. Be3 a6 7. g4 Ne5 8. f3 b5 9. a3 Bb7 10. Qd2 Rc8 11. Be2 Be7 12. h4 Nf6 13. g5 Nh5 14. f4 Nc4 15. Bxc4 Qxc4 16. Qe2 Ng3 17.
Qxc4 Rxc4 18. Rg1 Nxe4 19. Nxe4 Bxe4 20. c3 f6 21. Kd2 Kf7 22. b3 Rc7 23. a4 Rb7 24.
axb5 axb5 25. b4 Bd5 26. Ra5 Bc4 27. Nc2 e5 28. fxe5 fxe5 29. Na3 Rc8 30. Rg4 Be6 31. Rg3 Rcb8 32. Rf3+ Ke8 33. Bf2 d6 34. Rd3 Kd7 35.
Bg3 Ke8 36. Bf2 Bd8 37. Ra6 Bc7 38. Kc2 Bf5 39. Kd2 Bxd3 40. Kxd3 Ke7 41. Ke4 Ke6 42. h5 Rf8 43. Be3 g6 44. h6 Rf1 45. c4 bxc4 46.
b5 Ra1 47. b6 d5+ 48. Kf3 Bd6 49. Nb5 Rxa6 0-1

[Event "Late-Titled-Tuesday-Blitz-April-23-2024"]
[Site "Chess.com"]
[Date "2024.04.23"]
[Round "2"]
[White "zsizsi99"]
[Black "Horokoskii"]
[Result "1-0"]
[WhiteElo "2468"]
[BlackElo "2167"]
[TimeControl "180+1"]
[EndTime "14:17:48 PDT"]
[Termination "zsizsi99 won by resignation"]

1. e4 c5 2. Nf3 Nc6 3. Bb5 Nd4 4. Nxd4 cxd4 5. O-O a6 6. Bc4 b5 7. Bb3 e6 8. c3 dxc3 9. bxc3 Bb7 10. e5 Ne7 11. d4 Nd5 12. a4 Be7 13. Qd3 O-O 14. Qg3 Bh4 15. Qg4 f5 16. exf6 Bxf6 17. Ba3 Be7 18. Bc2 Bxa3 19. Rxa3 Qf6 20. Nd2 Nf4 21. Ne4 Qf5 22.
Qxf5 exf5 23. Nd6 Bxg2 24. Re1 Bf3 25. Nxf5 Rae8 26. Re3 Ne2+ 27. Kf1 Nf4 28. Rxf3 Nd5 29. Bb3 1-0

[Event "Late-Titled-Tuesday-Blitz-April-23-2024"]
[Site "Chess.com"]
[Date "2024.04.23"]
[Round "2"]
[White "ChristopherYoo"]
[Black "wadsy27"]
[Result "1-0"]
[WhiteElo "2993"]
[BlackElo "2640"]
[TimeControl "180+1"]
[EndTime "14:17:49 PDT"]
[Termination "ChristopherYoo won by resignation"]

1. Nf3 d5 2. g3 c6 3. Bg2 Bg4 4. h3 Bxf3 5. Bxf3 e6 6. d3 Nf6 7.
Bg2 Be7 8. Nd2 O-O 9. e4 Nbd7 10. Qe2 a5 11. a4 dxe4 12. dxe4 Nc5 13. O-O Qb6 14.
b3 Qa6 15. Qxa6 Nxa6 16. Bb2 Nb4 17. Rfc1 Bd8 18. Nc4 Bc7 19. e5 Nfd5 20. Be4 Rfd8 21. c3 Na6 22. Ba3 b5 23. Nd6 b4 24. cxb4 axb4 25.
Bb2 Bxd6 26. exd6 Rxd6 27. Be5 Rdd8 28. Rxc6 Nc3 29. Rxc3 bxc3 30. Bxa8 Rxa8 31. Rc1 f6 32. Bxc3 Nc5 33. Rb1 Rb8 34. a5 Rb5 35. b4 Na6 36. Rd1 Kf8 37. Rd7 Nxb4 38. Bxb4+ Rxb4 39. a6 Ke8 40. Rxg7 Kd8 41. a7 1-0

[Event "Late-Titled-Tuesday-Blitz-April-23-2024"]
[Site "Chess.com"]
[Date "2024.04.23"]
[Round "2"]
[White "jaskol95"]
[Black "platy3"]
[Result "0-1"]
[WhiteElo "2603"]
[BlackElo "2891"]
[TimeControl "180+1"]
[EndTime "14:17:49 PDT"]
[Termination "platy3 won by resignation"]

1. e4 c5 2. Nf3 e6 3. d4 cxd4 4. Nxd4 Nc6 5. Nc3 Qc7 6. Ncb5 Qb8 7. Be3 Nf6 8. Bd3 a6 9. Nxc6 dxc6 10. Nd4 c5 11. Nb3 Qc7 12. Qe2 b5 13. c4 bxc4 14.
Bxc4 Nxe4 15. O-O Bb7 16. Rfd1 Bd6 17. Qg4 O-O 18. Bh6 Bxh2+ 19. Kf1 Be5 20. Re1 Kh8 21.
Rxe4 f5 22. Qh4 Bxe4 23. Bg5 Bd5 24. Nd2 Bf6 25. Bxf6 Rxf6 26. Bxd5 exd5 27. Qg5 Re8 28. Nf3 h6 29. Qd2 d4 30. g3 Qc6 31. Ng1 f4 32. f3 fxg3 33. Kg2 Re3 34. Rf1 Qd6 35. Rd1 Rfe6 36. Rf1 Qe5 37. f4 Qd5+ 38. Rf3 Rxf3 39. Nxf3 Re3 40. Qd1 Qxf3+ 41. Qxf3 Rxf3 0-1

[Event "Late-Titled-Tuesday-Blitz-April-23-2024"]
[Site "Chess.com"]
[Date "2024.04.23"]
[Round "2"]
[White "Kavyev_Ruslan"]
[Black "Ali_rastbod"]
[Result "0-1"]
[WhiteElo "2410"]
[BlackElo "2702"]
[TimeControl "180+1"]
[EndTime "14:17:50 PDT"]
[Termination "Ali_rastbod won by resignation"]

1. d4 d5 2. Nf3 Nf6 3. g3 c5 4.
c4 dxc4 5. Bg2 Nc6 6. Qa4 Bd7 7. Qxc4 cxd4 8. Nxd4 Rc8 9. O-O e6 10. Nc3 Be7 11.
Rd1 Qb6 12. Nxc6 Bxc6 13. Bxc6+ Rxc6 14. Qb5 O-O 15. Be3 Qxb5 16. Nxb5 a6 17. Nd4 Rc7 18. Rac1 Rfc8 19. Rxc7 Rxc7 20. Rc1 Rxc1+ 21. Bxc1 Bc5 22. Nb3 Bb6 23. Kg2 Kf8 24. f3 Ke7 25. e4 Nd7 26.
Bd2 f5 27. exf5 exf5 28. Bc3 g6 29. g4 Ke6 30. Nd2 Kd5 31. gxf5 gxf5 32. Nf1 Bd4 33. Bxd4 Kxd4 34. Ng3 f4 35. Nh5 Ke3 36. Ng7 Kd2 37. Ne6 Kc2 38. Nxf4 Kxb2 39. Ne6 Kxa2 40. f4 b5 41. f5 b4 42. Nd4 b3 43. Ne2 b2 44.
Kf3 Kb3 45. Nd4+ Kc3 46. Ne2+ Kc4 0-1

[Event "Late-Titled-Tuesday-Blitz-April-23-2024"]
[Site "Chess.com"]
[Date "2024.04.23"]
[Round "2"]
[White "Szachulec75"]
[Black "Matalon"]
[Result "1-0"]
[WhiteElo "2086"]
[BlackElo "2431"]
[TimeControl "180+1"]
[EndTime "14:17:51 PDT"]
[Termination "Szachulec75 won by resignation"]

1. Nf3 Nf6 2. g3 g6 3. Bg2 Bg7 4. d3 O-O 5. O-O d6 6. c4 e5 7. Nc3 Nc6 8. Rb1 a5 9. a3 Nd4 10. e3 Nxf3+ 11. Bxf3 c6 12. Bg2 d5 13. cxd5 cxd5 14. Nb5 Qb6 15. Nc3 Be6 16. Bd2 d4 17.
exd4 exd4 18. Ne4 Bb3 19. Nxf6+ Bxf6 20. Qf3 Rae8 21. Rbe1 Rxe1 22. Rxe1 Bc2 23. b4 axb4 24. Bxb4 Rd8 25. h4 h5 26. Rc1 Ba4 27. Qxb7 Qxb7 28.
Bxb7 Bb5 29. Be4 Kg7 30. Rc5 Rb8 31. Rc7 Be5 32. Re7 Kf6 33. Ra7 Rc8 34. Rb7 Be8 35.
Be7+ Ke6 36. Bb4 f5 37. Bf3 Bb5 38. Re7+ Kf6 39. Bd5 Rc7 40. Re6+ Kg7 41. Rxe5 Bxd3 42. Re7+ Kh6 43. Rxc7 1-0

[Event "Late-Titled-Tuesday-Blitz-April-23-2024"]
[Site "Chess.com"]
[Date "2024.04.23"]
[Round "2"]
[White "NMJeevanK"]
[Black "Rud_Makarian"]
[Result "0-1"]
[WhiteElo "2658"]
[BlackElo "3051"]
[TimeControl "180+1"]
[EndTime "14:17:52 PDT"]
[Termination "Rud_Makarian won by checkmate"]

1. e4 c5 2. Nc3 Nc6 3. Bb5 e6 4. Bxc6 bxc6 5. d3 d5 6. f4 Nf6 7. Qe2 c4 8. dxc4 Ba6 9. exd5 cxd5 10. Nb5 dxc4 11. a4 Bc5 12. Qxc4 Rc8 13. Qd3 Qb6 14. Nf3 O-O 15. Bd2 Rfd8 16. Qb3 Bf2+ 17. Ke2 Ne4 18. Rhd1 Rxc2 19. Rac1 Bh4 20. Nd4 Qxd4 21.
Kf3 Qf2+ 22. Kg4 Qxg2+ 23. Kxh4 Qxh2+ 24. Qh3 Qf2+ 25. Kg4 Nf6+ 26. Kg5 h6+ 27. Qxh6 Qg3# 0-1

[Event "Late-Titled-Tuesday-Blitz-April-23-2024"]
[Site "Chess.com"]
[Date "2024.04.23"]
[Round "2"]
[White "KorolDimitriy75"]
[Black "HajiyevKanan"]
[Result "0-1"]
[WhiteElo "2342"]
[BlackElo "2610"]
[TimeControl "180+1"]
[EndTime "14:17:52 PDT"]
[Termination "HajiyevKanan won on time"]

1. d4 d5 2. c4 c6 3. Nc3 Nf6 4.
e3 a6 5. Nf3 Bf5 6. Bd3 Bxd3 7.
Qxd3 e6 8. O-O Bb4 9. Bd2 O-O 10. Rfd1 a5 11. Ne2 Bd6 12. Nc3 Nbd7 13. e4 dxe4 14. Nxe4 Nxe4 15. Qxe4 Qf6 16. Bg5 Qg6 17. Qe2 h6 18.
Bh4 Rfe8 19. Bg3 Bxg3 20. hxg3 a4 21. Rd3 Ra5 22. Rad1 Nf6 23. Ne5 Qf5 24. Rf3 Qh5 25. Qd2 Raa8 26. Qf4 Red8 27. Rfd3 a3 28. b3 Qg5 29.
Qxg5 hxg5 30. g4 Rd6 31. f3 Rad8 32. Kf2 Ne8 33. c5 Rd5 34. Nc4 Ra8 35. Ke3 Ra6 36. b4 Rd8 37. Rxa3 Rxa3+ 38. Nxa3 Ra8 39. Rd3 Nc7 40. Rb3 Ra4 41. Kd3 Nd5 42. Kc4 Kf8 43. g3 Ke7 44. Kd3 Rxb4 45. Rxb4 Nxb4+ 0-1

[Event "Late-Titled-Tuesday-Blitz-April-23-2024"]
[Site "Chess.com"]
[Date "2024.04.23"]
[Round "2"]
[White "Fantastic_Power"]
[Black "super_emi_26"]
[Result "0-1"]
[WhiteElo "2689"]
[BlackElo "2708"]
[TimeControl "180+1"]
[EndTime "14:17:54 PDT"]
[Termination "super_emi_26 won on time"]

1. Nf3 g6 2. h4 Bg7 3. h5 d5 4. d4 Bg4 5. h6 Bf6 6. Ne5 Be6 7. Nc3 c5 8. e3 Nc6 9. Bb5 Bd7 10. Bxc6 Bxc6 11.
Nxc6 bxc6 12. Na4 cxd4 13. exd4 e6 14. Nc5 Ne7 15. c3 O-O 16. Qf3 Nf5 17. Bf4 Re8 18. g4 Nh4 19. Qg3 g5 20. Bc7 Qe7 21. Bd6 Qd8 22.
O-O-O Ng6 23. Rh5 a5 24. Nd3 a4 25. a3 Ra7 26. Be5 Be7 27. f4 gxf4 28. Nxf4 Bg5 29. Kc2 Bxf4 30. Bxf4 Rb7 31. Bg5 Qb6 32. Rb1 Qb3+ 33.
Kc1 e5 34. Qf2 Re6 35. Rh1 Rb8 36. Rf1 Rb7 37. Kd2 Qc4 38. Be3 Qa2 39. Kc2 Qb3+ 40. Kd2 exd4 41. Bxd4 Rbe7 42. Qf5 Re2+ 43. Kc1 R2e6 44.
Qd3 Re2 45. Rd1 R7e4 46. Rd2 Nf4 0-1

[Event "Late-Titled-Tuesday-Blitz-April-23-2024"]
[Site "Chess.com"]
[Date "2024.04.23"]
[Round "2"]
[White "maurovargas01"]
[Black "Veleamater"]
[Result "0-1"]
[WhiteElo "1911"]
[BlackElo "2444"]
[TimeControl "180+1"]
[EndTime "14:17:54 PDT"]
[Termination "Veleamater won on time"]

1. e4 d6 2. Nc3 g6 3. f4 b6 4.
Nf3 Bb7 5. Bc4 Bg7 6. Bxf7+ Kxf7 7. Ng5+ Ke8 8. Ne6 Qd7 9. Nxg7+ Kf7 10. O-O Kxg7 11.
f5 Nf6 12. fxg6 hxg6 13. d4 Qg4 14. Qe1 Nbd7 15. h3 Qh4 16. Qe2 Nxe4 17. Nxe4 Qxe4 18. Be3 Raf8 19. c3 Rxf1+ 20. Rxf1 Nf6 21. Rf4 Qe6 22.
Qd2 Nd5 23. Rf3 Qe4 24. Qe2 Nf6 25. c4 Kf7 26. d5 Rh5 27. Rf4 Qb1+ 28. Kh2 Re5 29.
Qf2 Qd3 30. Bd4 Re2 31. Qf1 Ke8 32. Bxf6 exf6 33. Rxf6 Qe4 0-1

[Event "Late-Titled-Tuesday-Blitz-April-23-2024"]
[Site "Chess.com"]
[Date "2024.04.23"]
[Round "2"]
[White "jefferyx"]
[Black "ReadySkate"]
[Result "1-0"]
[WhiteElo "3108"]
[BlackElo "2676"]
[TimeControl "180+1"]
[EndTime "14:17:55 PDT"]
[Termination "jefferyx won by checkmate"]

1. e4 c5 2. Nf3 d6 3. Nc3 a6 4. d4 cxd4 5. Qxd4 e5 6. Qd3 h6 7. Be3 Nf6 8. Nd2 Be6 9. Nc4 Bxc4 10. Qxc4 Be7 11. Be2 O-O 12. a4 Nbd7 13. O-O Rc8 14. Qb3 Qc7 15. Rfd1 Rfd8 16. a5 Bf8 17. Ra4 Nc5 18.
Bxc5 dxc5 19. Nd5 Nxd5 20. exd5 Rd6 21. c4 e4 22. Bg4 Re8 23. Qg3 g6 24. h4 Bg7 25. h5 g5 26. Bf5 Be5 27. Qg4 e3 28.
fxe3 Bxb2 29. Rb1 Bc3 30. e4 Bxa5 31. Qg3 b6 32. e5 Rdd8 33. d6 Qc6 34. Ra2 f6 35.
Qd3 Rxe5 36. d7 Rxf5 37. Qxf5 Qxd7 38. Qxf6 Qd4+ 39. Qxd4 Rxd4 40. Re2 Rxc4 41. Rf1 Rf4 42.
Rd1 Rf7 43. Re6 c4 44. Rxh6 Rc7 45. Rd8+ Kg7 46. Rdd6 c3 47. Rdg6+ Kf8 48. Rh8+ Ke7 49. Rh7+ Kd8 50. Rg8# 1-0

[Event "Late-Titled-Tuesday-Blitz-April-23-2024"]
[Site "Chess.com"]
[Date "2024.04.23"]
[Round "2"]
[White "AljoschaFeuerstack"]
[Black "MetiForce"]
[Result "0-1"]
[WhiteElo "2626"]
[BlackElo "2931"]
[TimeControl "180+1"]
[EndTime "14:17:55 PDT"]
[Termination "MetiForce won on time"]

1. e4 c5 2. Nf3 d6 3. g3 Nc6 4.
Bg2 g6 5. O-O Bg7 6. Re1 e5 7.
c3 Nge7 8. Na3 O-O 9. Nc2 f5 10.
d3 f4 11. d4 cxd4 12. cxd4 Bg4 13. d5 Nb8 14. h3 Bxf3 15. Bxf3 fxg3 16. fxg3 Nd7 17. Bg4 h5 18. Be6+ Kh7 19. g4 Nc5 20. gxh5 Nxe6 21. dxe6 Qe8 22. Bg5 Bf6 23. Be3 gxh5 24.
Qxd6 Qg6+ 25. Kh2 Rg8 26. Rg1 Qxe4 27. Qd2 Rac8 28. Nb4 Nf5 29. Bg5 Rcd8 30. Qc1 Nd4 31. Rg3 Nf3+ 32. Rxf3 Qxf3 33. Qc7+ Rg7 34. Qc2+ e4 35. Bxf6 Qg3+ 36. Kh1 Qxh3+ 0-1